PCL
SAN JOSE MISSIONS @ CALGARY COWBOYS
08/17/2030
 
TOP OF THE 1ST
San Jose Missions batting - Pitching for Calgary Cowboys : RHP William Bryan
Pitching: RHP William Bryan
Batting: RHB Dan Mason 0-0: Ball
1-0: Foul Ball, location: 2F
1-1: Ball
2-1: Foul Ball, location: 2F
2-2: Ball
3-2: SINGLE (Groundball, 4MD)
Batting: RHB Jesús Cruz 0-0: Called Strike
Dan Mason is caught stealing 2nd base
0-1: Ball
1-1: Called Strike
1-2: Foul Ball, location: 2F
1-2: Ball
2-2: Foul Ball, location: 2F
2-2: Ball
3-2: Base on Balls
Batting: LHB Weston Chaney 0-0: Ball
Jesús Cruz is caught stealing 2nd base
1-0: Fly out, F7 (Line Drive, 78D)
Top of the 1st over - 0 runs, 1 hit, 0 errors, 0 left on base; San Jose 0 - Calgary 0
BOTTOM OF THE 1ST
Calgary Cowboys batting - Pitching for San Jose Missions : LHP Martín Reyes
Pitching: LHP Martín Reyes
Batting: RHB César Rodríguez 0-0: Foul Ball, location: 2F
0-1: Called Strike
0-2: Ground out 6-3 (Groundball, 6)
Batting: RHB Don Hooper 0-0: Ground out 5-3 (Groundball, 5L)
Batting: LHB Edgar López 0-0: Foul Ball, location: 2F
0-1: Ball
1-1: Ball
2-1: Ball
3-1: DOUBLE (Line Drive, 8RD)
Batting: SHB Ramiro Medrano 0-0: Called Strike
0-1: Ball
1-1: Foul Ball, location: 2F
1-2: Foul Ball, location: 2F
1-2: Ball
2-2: Ball
3-2: Ground out U3 (Groundball, 34S)
Bottom of the 1st over - 0 runs, 1 hit, 0 errors, 1 left on base; San Jose 0 - Calgary 0
TOP OF THE 2ND
San Jose Missions batting - Pitching for Calgary Cowboys : RHP William Bryan
Batting: SHB Ángel González 0-0: Ball
1-0: Foul Ball, location: 2F
1-1: Ground out 4-3 (Groundball, 34D)
Batting: LHB Chris Moore 0-0: Ball
1-0: Swinging Strike
1-1: Foul Ball, location: 2F
1-2: Ball
2-2: Strikes out looking
Batting: RHB Jorge Díaz 0-0: Ball
1-0: Ball
2-0: Ground out 6-3 (Groundball, 6)
Top of the 2nd over - 0 runs, 0 hits, 0 errors, 0 left on base; San Jose 0 - Calgary 0
BOTTOM OF THE 2ND
Calgary Cowboys batting - Pitching for San Jose Missions : LHP Martín Reyes
Batting: RHB Alfredo Hernández 0-0: Ball
1-0: Ball
2-0: Ground out 4-3 (Groundball, 4S)
Batting: RHB Jesús Morales 0-0: Ball
1-0: Called Strike
1-1: Ball
2-1: Ball
3-1: DOUBLE (Line Drive, 7LD)
Batting: RHB Luis Ibarra 0-0: Ground out 5-3 (Groundball, 56)
Batting: LHB Bo Rush 0-0: Called Strike
0-1: SINGLE (Line Drive, 9LS)
Jesús Morales to third
Runner from 3rd tries for Home, SAFE, no throw
Batting: RHB Ismael Ortíz 0-0: Called Strike
0-1: Ball
1-1: Ball
2-1: Ball
3-1: Base on Balls
Bo Rush to second
Batting: RHB César Rodríguez 0-0: Fielders Choice at 2nd, 6-4 (Groundball, 6)
Bottom of the 2nd over - 1 run, 2 hits, 0 errors, 2 left on base; San Jose 0 - Calgary 1
TOP OF THE 3RD
San Jose Missions batting - Pitching for Calgary Cowboys : RHP William Bryan
Batting: RHB Dave Wookey 0-0: Called Strike
0-1: Ball
1-1: Ball
2-1: Ground out 5-3 (Groundball, 56S)
Batting: RHB Jaime Spiridon 0-0: Ball
1-0: Ball
2-0: Ball
3-0: Called Strike
3-1: Base on Balls
Batting: RHB Jaime Rodríguez 0-0: Ball
1-0: Fly out, F9 (Flyball, 9)
Batting: RHB Dan Mason 0-0: Ball
1-0: Ball
Jaime Spiridon steals 2nd base
2-0: Ball
3-0: Base on Balls
Batting: RHB Jesús Cruz 0-0: SINGLE (Line Drive, 8LS)
Jaime Spiridon to third
Dan Mason to second
Runner from 3rd tries for Home, SAFE, no throw
Batting: LHB Weston Chaney 0-0: Called Strike
0-1: Called Strike
0-2: Ball
1-2: Ball
2-2: Ball
3-2: Foul Ball, location: 2F
3-2: Strikes out swinging
Top of the 3rd over - 1 run, 1 hit, 0 errors, 2 left on base; San Jose 1 - Calgary 1
BOTTOM OF THE 3RD
Calgary Cowboys batting - Pitching for San Jose Missions : LHP Martín Reyes
Batting: RHB Don Hooper 0-0: Called Strike
0-1: Ball
1-1: Ball
2-1: Ball
3-1: Base on Balls
Batting: LHB Edgar López 0-0: Ball
1-0: Called Strike
1-1: Called Strike
1-2: Strikes out swinging
Batting: SHB Ramiro Medrano 0-0: Ball
1-0: Ball
2-0: Foul Ball, location: 2F
2-1: SINGLE (Line Drive, 4M)
Don Hooper to second
Batting: RHB Alfredo Hernández 0-0: Ball
1-0: Ball
2-0: Foul Ball, location: 2F
2-1: Ball
3-1: Base on Balls
Don Hooper to third
Ramiro Medrano to second
Batting: RHB Jesús Morales 0-0: Swinging Strike
0-1: Fielders Choice at 2nd, 4-6 (Groundball, 4)
Don Hooper scores
Ramiro Medrano to third
Batting: RHB Luis Ibarra 0-0: Called Strike
0-1: Ball
1-1: Fielders Choice at 2nd, 6-4 (Groundball, 6)
Bottom of the 3rd over - 1 run, 1 hit, 0 errors, 2 left on base; San Jose 1 - Calgary 2
TOP OF THE 4TH
San Jose Missions batting - Pitching for Calgary Cowboys : RHP William Bryan
Batting: SHB Ángel González 0-0: Ball
1-0: SINGLE (Flyball, 8LS)
Batting: LHB Chris Moore 0-0: Ball
1-0: Ball
2-0: Ball
3-0: Called Strike
3-1: Swinging Strike
3-2: Strikes out looking
Batting: RHB Jorge Díaz 0-0: Ball
1-0: Foul Ball, location: 2F
1-1: Ball
2-1: Foul Ball, location: 2F
2-2: Ball
3-2: Fly out, F9 (Flyball, 89M)
Batting: RHB Dave Wookey 0-0: Called Strike
0-1: Foul Ball, location: 2F
0-2: Foul Ball, location: 2F
0-2: Ball
1-2: Foul Ball, location: 2F
1-2: Single, Error in OF, E9, batter to second base
Ángel González to third
Batting: RHB Jaime Spiridon 0-0: Called Strike
0-1: Swinging Strike
0-2: Ball
1-2: Ball
2-2: Ball
3-2: Strikes out swinging
Top of the 4th over - 0 runs, 2 hits, 1 error, 2 left on base; San Jose 1 - Calgary 2
BOTTOM OF THE 4TH
Calgary Cowboys batting - Pitching for San Jose Missions : LHP Martín Reyes
Batting: LHB Bo Rush 0-0: Ball
1-0: Foul Ball, location: 2F
1-1: Foul Ball, location: 2F
1-2: Foul Ball, location: 2F
1-2: Foul Ball, location: 2F
1-2: Ball
2-2: Foul Ball, location: 2F
2-2: Ball
3-2: Foul Ball, location: 2F
3-2: Ground out 6-3 (Groundball, 6M)
Batting: RHB Ismael Ortíz 0-0: Called Strike
0-1: Called Strike
0-2: Strikes out swinging
Batting: RHB César Rodríguez 0-0: Called Strike
0-1: Ball
1-1: Ball
2-1: Ball
3-1: Foul Ball, location: 2F
3-2: Ground out 6-3 (Groundball, 6)
Bottom of the 4th over - 0 runs, 0 hits, 0 errors, 0 left on base; San Jose 1 - Calgary 2
TOP OF THE 5TH
San Jose Missions batting - Pitching for Calgary Cowboys : RHP William Bryan
Batting: RHB Jaime Rodríguez 0-0: Called Strike
0-1: Ball
1-1: Ball
2-1: Ball
3-1: Called Strike
3-2: Foul Ball, location: 2F
3-2: Foul Ball, location: 2F
3-2: Base on Balls
Pitching: RHP Mitsunari Jouda
Batting: RHB Dan Mason 0-0: Ball
1-0: Ball
2-0: Foul Ball, location: 2F
2-1: SINGLE (Groundball, 6D)
Jaime Rodríguez to second
Batting: RHB Jesús Cruz 0-0: Called Strike
0-1: Foul Ball, location: 2F
0-2: Ball
1-2: 3-RUN HOME RUN (Flyball, 7LD), Distance : 370 ft
Batting: LHB Weston Chaney 0-0: Ball
1-0: Ball
2-0: Foul Ball, location: 2F
2-1: Ball
3-1: Fly out, F8 (Flyball, 8RM)
Batting: SHB Ángel González 0-0: Ball
1-0: Ball
2-0: Ball
3-0: Base on Balls
Batting: LHB Chris Moore 0-0: Ball
1-0: Ball
2-0: Ball
3-0: Called Strike
3-1: Base on Balls
Ángel González to second
Batting: RHB Jorge Díaz 0-0: Ball
1-0: Swinging Strike
1-1: Called Strike
1-2: SINGLE (Groundball, 56D)
Ángel González to third
Chris Moore to second
Runner from 3rd tries for Home, SAFE, no throw
Batting: RHB Dave Wookey 0-0: Called Strike
0-1: Ground out 6-3 (Groundball, 6S)
Chris Moore to third
Jorge Díaz to second
Batting: RHB Jaime Spiridon 0-0: Called Strike
0-1: Foul Ball, location: 2F
0-2: Ball
1-2: Foul Ball, location: 2F
1-2: Ball
2-2: Fly out, F6 (Popup, 6M)
Top of the 5th over - 4 runs, 3 hits, 0 errors, 2 left on base; San Jose 5 - Calgary 2
BOTTOM OF THE 5TH
Calgary Cowboys batting - Pitching for San Jose Missions : LHP Martín Reyes
Batting: RHB Don Hooper 0-0: Ball
1-0: Ball
2-0: Foul Ball, location: 2F
2-1: SINGLE (Groundball, 34D)
Batting: LHB Edgar López 0-0: Ball
1-0: Called Strike
1-1: Ball
2-1: Foul Ball, location: 2F
2-2: Ball
3-2: Fielders Choice at 2nd, 4-6 (Groundball, 4)
Batting: SHB Ramiro Medrano 0-0: Called Strike
0-1: Fielders Choice at 2nd, 4-6 (Groundball, 4)
Batting: RHB Alfredo Hernández 0-0: Ball
1-0: Ball
2-0: Fly out, F5 (Line Drive, 5)
Bottom of the 5th over - 0 runs, 1 hit, 0 errors, 1 left on base; San Jose 5 - Calgary 2
TOP OF THE 6TH
San Jose Missions batting - Pitching for Calgary Cowboys : RHP Mitsunari Jouda
Pitching: LHP Macy Catron
Batting: RHB Jaime Rodríguez 0-0: Reached on error, E6 (Groundball, 56)
Batting: RHB Dan Mason 0-0: Fly out, F4 (Popup, 34S)
Batting: RHB Jesús Cruz 0-0: Ball
1-0: Foul Ball, location: 2F
1-1: Ball
2-1: SINGLE (Flyball, 7LS)
Jaime Rodríguez to third
Batting: LHB Weston Chaney 0-0: Ball
1-0: SINGLE (Flyball, 89S)
Jaime Rodríguez scores
Jesús Cruz to second
Runner from 2nd tries for 3rd, SAFE, no throw
Batting: SHB Ángel González 0-0: Ball
1-0: Ball
2-0: Called Strike
2-1: Fly out, F8 (Line Drive, 8RD)
Runner from 3rd tags up, SCORES, throw made
Batting: LHB Chris Moore 0-0: Ball
1-0: Foul Ball, location: 2F
1-1: Ball
2-1: Called Strike
2-2: Ball
3-2: Base on Balls
Weston Chaney to second
Batting: RHB Jorge Díaz 0-0: Ball
1-0: Ground out 4-3 (Groundball, 4)
Top of the 6th over - 2 runs, 2 hits, 1 error, 2 left on base; San Jose 7 - Calgary 2
BOTTOM OF THE 6TH
Calgary Cowboys batting - Pitching for San Jose Missions : LHP Martín Reyes
Batting: RHB Jesús Morales 0-0: Foul Ball, location: 2F
0-1: Ball
1-1: Foul Ball, location: 2F
1-2: SINGLE (Flyball, 7S)
Pitching: RHP Jesús Zapata
Batting: RHB Luis Ibarra 0-0: Ball
1-0: Ball
2-0: Ball
3-0: Called Strike
3-1: Foul Ball, location: 2F
3-2: Foul Ball, location: 2F
3-2: Fly out, F7 (Flyball, 7D)
Batting: LHB Bo Rush 0-0: Ball
1-0: Called Strike
1-1: Ball
2-1: Called Strike
2-2: SINGLE (Flyball, 8LS)
Jesús Morales to second
Batting: RHB Ismael Ortíz 0-0: Swinging Strike
0-1: Swinging Strike
0-2: Foul Ball, location: 2F
0-2: Strikes out looking
Batting: RHB César Rodríguez 0-0: Called Strike
0-1: Called Strike
0-2: Fly out, F9 (Flyball, 9)
Bottom of the 6th over - 0 runs, 2 hits, 0 errors, 2 left on base; San Jose 7 - Calgary 2
TOP OF THE 7TH
San Jose Missions batting - Pitching for Calgary Cowboys : LHP Macy Catron
Batting: RHB Dave Wookey 0-0: Called Strike
0-1: Ball
1-1: Ball
2-1: Foul Ball, location: 2F
2-2: Ball
3-2: Strikes out looking
Batting: RHB Jaime Spiridon 0-0: Fly out, F2 (Popup, 23F)
Batting: RHB Jaime Rodríguez 0-0: Ball
1-0: Ball
2-0: Called Strike
2-1: Ground out 6-3 (Groundball, 6M)
Top of the 7th over - 0 runs, 0 hits, 0 errors, 0 left on base; San Jose 7 - Calgary 2
BOTTOM OF THE 7TH
Calgary Cowboys batting - Pitching for San Jose Missions : RHP Jesús Zapata
Batting: RHB Don Hooper 0-0: Foul Ball, location: 2F
0-1: Ball
1-1: Ground out 5-3 (Groundball, 5S)
Batting: LHB Edgar López 0-0: Ball
1-0: Ball
2-0: Fly out, F8 (Flyball, 8LD)
Batting: SHB Ramiro Medrano 0-0: Foul Ball, location: 2F
0-1: Ball
1-1: Swinging Strike
1-2: Ball
2-2: Ball
3-2: Foul Ball, location: 2F
3-2: Strikes out looking
Bottom of the 7th over - 0 runs, 0 hits, 0 errors, 0 left on base; San Jose 7 - Calgary 2
TOP OF THE 8TH
San Jose Missions batting - Pitching for Calgary Cowboys : LHP Macy Catron
Batting: RHB Dan Mason 0-0: Ball
1-0: Called Strike
1-1: Fly out, F8 (Flyball, 8RD)
Batting: RHB Jesús Cruz 0-0: Ball
1-0: Ball
2-0: Fly out, F6 (Line Drive, 6)
Batting: LHB Weston Chaney 0-0: Ball
1-0: Ball
2-0: Foul Ball, location: 2F
2-1: Swinging Strike
2-2: Foul Ball, location: 2F
2-2: Ball
3-2: Base on Balls
Batting: SHB Ángel González 0-0: Ball
1-0: Fly out, F7 (Flyball, 7S)
Top of the 8th over - 0 runs, 0 hits, 0 errors, 1 left on base; San Jose 7 - Calgary 2
BOTTOM OF THE 8TH
Calgary Cowboys batting - Pitching for San Jose Missions : RHP Jesús Zapata
Now at 1B: Alberto Gómez
Batting: RHB Alfredo Hernández 0-0: Ball
1-0: DOUBLE (Flyball, 89D)
Batting: RHB Jesús Morales 0-0: Ball
1-0: SINGLE (Groundball, 56D)
Alfredo Hernández to third
Batting: RHB Luis Ibarra 0-0: Ball
1-0: Called Strike
1-1: Grounds into double play, 5-4-3 (Groundball, 56)
Alfredo Hernández scores
Batting: LHB Bo Rush 0-0: Ball
1-0: Foul Ball, location: 2F
1-1: Foul Ball, location: 2F
1-2: Ball
2-2: Foul Ball, location: 2F
2-2: Ball
3-2: Reached on error, E3 (Groundball, 34)
Batting: RHB Ismael Ortíz 0-0: SINGLE (Flyball, 78M)
Bo Rush to second
Batting: RHB César Rodríguez 0-0: Called Strike
0-1: Called Strike
0-2: Fly out, F9 (Flyball, 9D)
Bottom of the 8th over - 1 run, 3 hits, 1 error, 2 left on base; San Jose 7 - Calgary 3
TOP OF THE 9TH
San Jose Missions batting - Pitching for Calgary Cowboys : LHP Macy Catron
Pitching: RHP Bernardo Romero
Batting: LHB Chris Moore 0-0: Foul Ball, location: 2F
0-1: Ball
1-1: Swinging Strike
1-2: Ball
2-2: Ball
3-2: Strikes out swinging
Batting: RHB Jorge Díaz 0-0: Called Strike
0-1: Foul Ball, location: 2F
0-2: Foul Ball, location: 2F
0-2: Ball
1-2: Fly out, F9 (Line Drive, 9S)
Batting: RHB Dave Wookey 0-0: Ball
1-0: Foul Ball, location: 2F
1-1: Foul Ball, location: 2F
1-2: Strikes out swinging
Top of the 9th over - 0 runs, 0 hits, 0 errors, 0 left on base; San Jose 7 - Calgary 3
BOTTOM OF THE 9TH
Calgary Cowboys batting - Pitching for San Jose Missions : RHP Jesús Zapata
Batting: RHB Don Hooper 0-0: Ball
1-0: Ground out 5-3 (Groundball, 5L)
Batting: LHB Edgar López 0-0: Called Strike
0-1: Ball
1-1: SINGLE (Groundball, 3D)
Batting: SHB Ramiro Medrano 0-0: Ball
1-0: Ball
2-0: Called Strike
2-1: Ball
3-1: Foul Ball, location: 2F
3-2: Ground out 5-3 (Groundball, 5L)
Edgar López to second
Batting: RHB Alfredo Hernández 0-0: Ball
1-0: Ball
2-0: Ball
3-0: Called Strike
3-1: Base on Balls
Pitching: RHP Terry Adams
Batting: RHB Jesús Morales 0-0: Called Strike
0-1: SINGLE (Flyball, 8RS)
Edgar López to third
Alfredo Hernández to second
Pinch Hitting: LHB Anacleto Morillo 0-0: Called Strike
0-1: Ball
1-1: Foul Ball, location: 2F
1-2: Fly out, F7 (Flyball, 7)
Bottom of the 9th over - 0 runs, 2 hits, 0 errors, 3 left on base; San Jose 7 - Calgary 3
Saturday, April 7th, 2018 - OOTP Baseball 18.8 Build 76